 Dungeon Crawl Stone Soup version 0.31-a0-246-g8cbcc1cb85 (webtiles) character file.

Game seed: 4611926558580506832

102 qw the Shooter (level 4, -7/36 HPs)
             Began as a Minotaur Hexslinger on July 12, 2023.
             Mangled by a gnoll
             ... wielding a +0 flail
              (9 damage)
             ... on level 2 of the Dungeon.
             The game lasted 00:00:40 (1716 turns).

qw the Shooter (Minotaur Hexslinger)                Turns: 1716, Time: 00:00:41

Health: -7/36      AC:  7    Str: 13    XL:     4   Next: 49%
Magic:  4/4        EV: 11    Int: 10    God:
Gold:   87         SH:  0    Dex: 14    Spells: 4/5 levels left

rFire   . . .        Y - +1 sling (chaos)
rCold   . . .        (no shield)
rNeg    . . .        e - +1 ring mail {Will+}
rPois   .            (helmet restricted)
rElec   .            (no cloak)
rCorr   .            (no gloves)
SInv    .            c - +0 pair of boots
Will    +....        (no amulet)
Stlth   +            (no ring)
HPRegen 0.26/turn    (no ring)
MPRegen 0.09/turn

%: no passive effects
@: no status effects
A: horns 2, retaliatory headbutt
a: no special abilities


You were on level 2 of the Dungeon.
You visited 1 branch of the dungeon, and saw 3 of its levels.

You collected 117 gold pieces.
You spent 30 gold pieces at shops.


Innate Abilities, Weirdness & Mutations

You have a pair of horns on your head.
You reflexively headbutt those who attack you in melee.


   Skills:
 - Level 2.1 Fighting
 + Level 4.8 Ranged Weapons
 - Level 1.1 Armour
 - Level 2.1 Dodging
 - Level 1.0 Spellcasting
 - Level 2.0 Hexes


You had 4 spell levels left.
You knew the following spells:

 Your Spells              Type           Power      Damage    Failure   Level
a - Slow                  Hex            16%        N/A       32%         1

Your spell library contained the following spells:

 Spells                   Type           Power      Damage    Failure   Level
 Inner Flame              Hex/Fire       2%         N/A       82%         3
 Portal Projectile        Hex/Tloc       4%         N/A       82%         3
 Cause Fear               Hex            2%         N/A       97%         4

Inventory:

Hand Weapons
 Y - a +1 sling of chaos (weapon)
Armour
 c - a +0 pair of boots (worn)
 e - a +1 ring mail of willpower (worn)
Scrolls
 a - a scroll of identify
Potions
 b - a potion of attraction {unknown}
 d - a potion of degeneration {unknown}
 f - a potion of haste
 g - 2 potions of curing
 j - a potion of invisibility {unknown}

Dungeon Overview and Level Annotations

Branches:
Dungeon (3/15)

Altars:

Shops:
D:1 (*   D:2 !


Message History

You hear the sound of rushing water.
There is an entrance to a sewer on this level.
Hurry and find it before the portal rusts away!
You hear the slow rusting of a very distant drain.
The gnoll hits you with a +0 flail. The gnoll hits you but does no damage.
The gnoll hits you with a +0 halberd! The gnoll hits you with a +0 flail.
There is a stone staircase leading up here.
1708 ||| STAIRDANCE The gnoll barely misses you. x2
You climb upwards.
There is a stone staircase leading down here.
You shoot a sling bullet.
The sling bullet barely misses the gnoll.
The gnoll barely misses you. The gnoll hits you with a +0 halberd.
You shoot a sling bullet. The sling bullet hits the gnoll.
The sling bullet freezes the gnoll.
The gnoll is moderately wounded.
The gnoll hits you with a +0 flail! The gnoll closely misses you.
You shoot a sling bullet. The sling bullet hits the gnoll.
The gnoll is heavily wounded.
The gnoll hits you but does no damage. x2; The gnoll hits you with a +0 flail!
The gnoll misses you.
You shoot a sling bullet. The sling bullet hits the gnoll.
The gnoll is almost dead.
The gnoll misses you. You furiously retaliate!
You headbutt the gnoll. The gnoll closely misses you.
You shoot a sling bullet. The sling bullet hits the gnoll.
You kill the gnoll!
The gnoll hits you but does no damage.
You shoot a sling bullet. The sling bullet hits the gnoll.
The sling bullet freezes the gnoll.
The gnoll is heavily wounded.
The gnoll hits you but does no damage.
Your gnoll zombie closely misses the gnoll.
You shoot a sling bullet.
The sling bullet hits the gnoll but does no damage.
The gnoll is heavily wounded.
The gnoll hits you with a +0 flail.
Your gnoll zombie hits the gnoll but does no damage.
The gnoll hits you with a +0 flail!
You die...

######### #..##..##.....
##...#.##..... ###.#.##.....
#.......... ##.........
#...<..... #(........ #######
#......... ##..@..## #.........
##..gZ...## ##..##.#..
#.........#####.##...#
#.........#.%......##.
#...........#####..#..
#.........### ##...#
#.........########....
##(..<.(.....(........
###########...>.....#######.....


You could see a gnoll (ally target) and a friendly gnoll zombie.

Vanquished Creatures
  2 gnolls
  3 adders (D:2)
  2 dart slugs (D:1)
  An endoplasm (D:1)
  2 giant cockroaches
  4 goblins (D:1)
  A hobgoblin (D:1)
  8 jackals (D:1)
  6 kobolds
  2 quokkas
  6 ball pythons
  8 bats
  4 frilled lizards
  2 rats
51 creatures vanquished.

Notes
Turn   | Place    | Note
-------+----------+-------------------------------------------
     0 | D:1      | qw the Minotaur Hexslinger began the quest for the Orb.
     0 | D:1      | Reached XP level 1. HP: 16/16 MP: 1/1
     0 | D:1      | 0 ||| qw: Version: 0.3-a-52-g30416fa
     0 | D:1      | 0 ||| qw: Game counter: 6315
     0 | D:1      | 0 ||| qw: Melee chars always use a shield: true
     0 | D:1      | 0 ||| qw: God list: Okawaru
     0 | D:1      | 0 ||| qw: Allow faded altars: false
     0 | D:1      | 0 ||| qw: Do Orc after clearing Dungeon:15 true
     0 | D:1      | 0 ||| qw: Do second Lair branch before Depths: true
     0 | D:1      | 0 ||| qw: Lair rune preference: random
     0 | D:1      | 0 ||| qw: Goals: Normal
     0 | D:1      | 0 ||| PLANNING D:1-11
    76 | D:1      | Reached skill level 3 in Ranged Weapons
    77 | D:1      | Reached XP level 2. HP: 23/23 MP: 2/2
   253 | D:1      | 253 ||| FLEEEEING.
   254 | D:1      | 254 ||| FLEEEEING.
   255 | D:1      | 255 ||| FLEEEEING.
   320 | D:1      | 320 ||| UPGRADING to +1 ring mail of willpower.
   330 | D:1      | 330 ||| DROPPING +0 robe.
   331 | D:1      | 331 ||| READING 2 scrolls labelled VEXKOT KAHAYFO.
   332 | D:1      | 332 ||| DROPPING scroll of poison.
   343 | D:1      | 343 ||| Stepping ~*~*~tactically~*~*~ (water).
   345 | D:1      | Reached XP level 3. HP: 29/29 MP: 3/3
   423 | D:1      | Found Wyoshide's General Store.
   427 | D:1      | 427 ||| SHOPLISTING +0 ring mail of the Iron City of Dis
                  | {rPois rC+ rN+ Str+2} (428 gold, have 17).
   427 | D:1      | 427 ||| SHOPLISTING +6 ring of strength (504 gold, have
                  | 17).
   427 | D:1      | 427 ||| SHOPLISTING potion of curing (42 gold, have 17).
   427 | D:1      | 427 ||| SHOPLISTING scroll of enchant armour (105 gold,
                  | have 17).
   559 | D:1      | Found Xiskofet's Weapon Boutique.
   567 | D:1      | 567 ||| SHOPLISTING +5 shortbow (420 gold, have 36).
  1047 | D:1      | 1047 ||| UPGRADING to +0 pair of boots.
  1052 | D:1      | 1052 ||| READING scroll labelled DUHAUTHIDO.
  1106 | D:2      | Reached skill level 4 in Ranged Weapons
  1107 | D:2      | Reached skill level 1 in Armour
  1110 | D:2      | Found Ralifyth's Distillery.
  1119 | D:2      | 1119 ||| BUYING potion of curing (30 gold).
  1119 | D:2      | Bought a potion of curing for 30 gold pieces
  1119 | D:2      | 1119 ||| SHOPLISTING potion of heal wounds (50 gold, have
                  | 12).
  1119 | D:2      | 1119 ||| SHOPLISTING potion of mutation (80 gold, have 12).
  1246 | D:2      | Reached XP level 4. HP: 30/36 MP: 4/4
  1582 | D:2      | 1582 ||| READING scroll labelled XYOSIJ MEWNOF.
  1583 | D:2      | 1583 ||| READING 2 scrolls labelled RUNEME SAONT.
  1584 | D:2      | 1584 ||| DRINKING 2 pink potions.
  1585 | D:2      | 1585 ||| DROPPING scroll of amnesia.
  1629 | D:3      | 1629 ||| PLANNING SEWER
  1634 | D:3      | 1634 ||| STAIRDANCE
  1708 | D:3      | 1708 ||| STAIRDANCE
  1712 | D:2      | HP: 4/36 [gnoll/+0 flail (7)]
  1716 | D:2      | Mangled by a gnoll

Levels and vault maps discovered:
D:1:      eino_arrival_cavern_b, layout_basic, serial_shops, shop_fountains,
          shop, hangedman_glass_garden
D:2:      layout_rooms, serial_shops, shop, hangedman_decor_points
D:3:      kennysheep_the_goblin_king, layout_basic,
          nicolae_tso_swordbearing_angel, gup_sewer_entry_bowl

Skill      XL: |  1  2  3 |
---------------+----------+-----
Ranged Weapons | 3 4 |  4.8
Fighting       | 2 |  2.1
Armour         | 1 |  1.1
Dodging        | |  2.1
Spellcasting   | |  1.0
Hexes          | |  2.0

Action                     |  1- 3 |  4- 6 || total
---------------------------+-------+-------++-------
   Fire: Sling             |   109 |    27 ||   136
    Use: Scroll            |     2 |     2 ||     4
         Potion            |       |     1 ||     1
 Armour: Robe              |     7 |       ||     7
         Ring mail         |    22 |     7 ||    29
  Dodge: Dodged            |    47 |    11 ||    58

Table legend:
 A = Non-vault XP
 B = Vault XP
 C = Vault XP percentage of total XP
 D = Non-vault monster count
 E = Vault monster count
 F = Vault count percentage of total count
                 A         B        C        D         E       F
            +---------+---------+-------+---------+---------+-------
      Total |     146 |       0 |   0.0 |      51 |       0 |   0.0
            +---------+---------+-------+---------+---------+-------
        D:1 |      58 |       0 |   0.0 |      33 |       0 |   0.0
        D:2 |      74 |       0 |   0.0 |      17 |       0 |   0.0
        D:3 |      14 |       0 |   0.0 |       1 |       0 |   0.0
            +---------+---------+-------+---------+---------+-------
